cohdb
Replays
Latest Replays
All Replays
Popular Replays
Top Player Replays
Match Explorer
How It Works
Community
CoH3 Stats
Reddit
Sign in to upload your games and track your stats! →
Sign in with Steam
Match 44328022
Unlisted
Match 44328022
Overview
Messages
Build Orders
End
Construct Barracks
Riflemen Squad
Riflemen Squad
M1 Mortar Team
Grenade Package
Air Support Center
Construct Motor Pool
Grasshopper Recon Run
P-47 Strafing Run
Riflemen Squad
P-47 Dive Bomb
M8 Greyhound Armored Car
Engineer Squad
P-47 Strafing Run
Grasshopper Recon Run
P-47 Strafing Run
Construct Weapon Support Center
M3 Armored Personnel Carrier
Engineer Squad
Grasshopper Recon Run
Construct Tank Depot
M1918 Browning Automatic Rifles
Selects Armored Battlegroup
Selects Assault Engineers
Selects Field Repairs
Selects War Machine
Assault Engineer Squad
P-47 Strafing Run
P-47 Strafing Run
M1 Anti-tank Gun Team
AI Takeover
Arturokq
Feynman
caulk
salmonTA
0
0
Comments
sign in to comment!
No comments posted yet!